Map: Overgrowth LE (Void)

Players

Elazer - Winner!

  • Race: Zerg Zerg
  • League: Grandmaster
  • Spawn Location: 1:00

Mark

  • Race: Zerg Zerg
  • League: Master
  • Spawn Location: 7:00

Event: NationWars IV

VOD

Have the link to the VOD?

Description

Time

  • Played on: Jan. 5, 2017, 11:28 a.m.
  • Length: 3:41
Show
View Real Time Build Order
Export as new Build Order

Elazer Zerg - Winner!

Build Orders: Pool First 

Get SALT Encoding   

  12  0:00  Drone  
  13  0:12  Overlord  
  13  0:17  Drone  
  14  0:30  Drone x2  
  14  0:34  Drone  
  17  0:44  Extractor, Drone  
  17  0:48  Spawning Pool  
  16  0:55  Drone  
  17  1:06  Drone  
  18  1:16  Hatchery  
  17  1:19  Drone  
  18  1:34  Zergling x2, Queen  
  21  1:44  Metabolic Boost  
  21  1:47  Overlord  
  21  1:52  Zergling x2  
  22  2:08  Zergling x2  
  23  2:09  Baneling Nest  
  23  2:11  Queen  
  24  2:17  Zergling x2  
  26  2:22  Zergling x2  
  26  2:32  Zergling x2  
  26  2:33  Zergling x2  
  28  2:39  Zergling x2  
  28  2:43  Zergling x2  
  28  2:44  Zergling x4  
  31  2:46  Zergling x2  
  32  2:51  Overlord  
  32  2:58  Zergling x2  
  33  3:03  Zergling x2  
  34  3:08  Zergling x2  
  34  3:15  Baneling x2  
  34  3:16  Zergling x2  
  34  3:17  Zergling x6  
  37  3:22  Zergling x2  
Show
View Real Time Build Order
Export as new Build Order

Mark Zerg 

Build Orders: Pool First 

Get SALT Encoding   

  12  0:01  Drone  
  13  0:13  Overlord  
  13  0:18  Drone  
  14  0:31  Drone x2  
  14  0:35  Drone  
  17  0:45  Spawning Pool  
  17  0:49  Drone  
  17  1:09  Hatchery  
  16  1:13  Drone  
  17  1:32  Zergling x6  
  20  1:33  Queen  
  20  1:35  Extractor  
  21  1:45  Overlord  
  21  1:53  Drone  
  22  2:06  Drone  
  23  2:08  Queen  
  25  2:21  Queen  
  25  2:22  Drone x2  
  29  2:27  Drone  
  30  2:36  Drone  
  29  2:40  Drone  
  28  2:48  Drone x2  
  30  2:54  Drone  
  30  2:55  Drone x3  
  34  3:09  Zergling x4  
Tags
 
Add a new tag
Caveats
  • Supply blocks, unpowered buildings, or Contaminate may cause inaccurate times.
  • Supply counts are checked every 10 seconds.